 Dungeon Crawl Stone Soup version 0.30.0-10-gfe55d96785 (webtiles) character file.

Game seed: 15218051587321262001

109 NateTC the Trooper (level 4, -2/41 HPs)
             Began as a Draconian Fighter on May 14, 2023.
             Was a Follower of the Shining One.
             Slain by Duvessa
             ... wielding a +0 rapier
              (4 damage)
             ... on level 4 of the Dungeon.
             The game lasted 00:02:33 (1900 turns).

NateTC the Trooper (Draconian Fighter)              Turns: 1900, Time: 00:02:33

Health: -2/41      AC:  5    Str: 20    XL:     4   Next: 60%
Magic:  4/4        EV: 12    Int:  8    God:    the Shining One [*.....]
Gold:   221        SH:  4    Dex: 11    Spells: 3/3 levels left

rFire   . . .        a - +2 war axe
rCold   . . .        b - +0 buckler
rNeg    . . .        (body armour unavailable)
rPois   .            (helmet restricted)
rElec   .            (no cloak)
rCorr   .            (no gloves)
SInv    .            (no boots)
Will    .....        (no amulet)
Stlth   +            (no ring)
HPRegen 0.26/turn    (no ring)
MPRegen 0.09/turn

%: no passive effects
@: mighty, lethally poisoned (-2 -> -8), glowing
A: AC +5, unfitting armour, cold-blooded
a: Renounce Religion, Divine Shield


You were on level 4 of the Dungeon.
You worshipped the Shining One.
The Shining One was aware of your devotion.
You visited 1 branch of the dungeon, and saw 4 of its levels.

You collected 221 gold pieces.

Inventory:

Hand Weapons
 a - a +2 war axe (weapon)
Armour
 b - a +0 buckler (worn)
 g - a scarf of invisibility
Wands
 q - a wand of roots (12)
Scrolls
 k - 2 scrolls of noise
 p - a scroll of teleportation
Potions
 c - a potion of might
 d - a potion of haste
 e - a potion of cancellation {unknown}
 f - 3 potions of mutation
 h - 2 potions of flight {unknown}
 i - a potion of attraction {unknown}
 j - 2 potions of ambrosia
 l - a potion of curing {unknown}
 n - a potion of magic {unknown}


   Skills:
 * Level 4.8 Fighting
 * Level 3.7 Axes
 - Level 2.6 Dodging
 - Level 3.0 Shields


You had 3 spell levels left.
You didn't know any spells.
Your spell library was empty.

Dungeon Overview and Level Annotations

Branches:
Dungeon (4/15) Zot: 22062
 Temple: D:4-7

Altars:
Kikubaaqudgha
The Shining One

Annotations:
D:4 Dowan, Duvessa


Innate Abilities, Weirdness & Mutations

Your plain brown scales are hard. (AC +5)
You cannot fit into any form of body armour.
You are cold-blooded and may be slowed by cold attacks.


Message History

Found a quarterstaff.
A worm comes into view.
A worm is nearby!
Duvessa, Sister of Dowan comes into view.
She is wielding a +0 rapier.
Found an agate ring.
Duvessa shouts!
A scorpion comes into view.
Dowan, Brother of Duvessa comes into view.
He is wielding a +0 dagger and carrying a wand of flame (17).
Found 11 gold pieces.
Found a stone staircase leading up.
Dowan shouts!
Dowan zaps a wand.
The puff of flame hits you!
You feel very mighty all of a sudden.
Duvessa gestures with her weapon.
Dowan gestures wildly while chanting.
Dowan blinks!
You slash the worm! You tail-slap the worm.
You kill the worm!
You hit Duvessa but do no damage. Duvessa misses you.
You hit Duvessa but do no damage. You barely miss the scorpion.
The scorpion stings you.
You are poisoned.
The scorpion poisons you! Duvessa hits you with a +0 rapier.
The scorpion stings you but does no damage.
You hit Duvessa but do no damage. You slash the scorpion!
You feel very sick. Duvessa hits you with a +0 rapier.
You block the scorpion's attack. Duvessa barely misses you.
Dowan gestures at you while chanting. The puff of frost hits you.
* * * LOW HITPOINT WARNING * * *
The scorpion barely misses you.
You slash Duvessa!
Duvessa is moderately wounded.
You barely miss the scorpion.
* * * LOW HITPOINT WARNING * * *
You feel very sick. The scorpion stings you.
* * * LOW HITPOINT WARNING * * *
Duvessa hits you with a +0 rapier.
You die...

##########
#.............#
#.............#
#.............#
#.............# #
#......)......#######.##
#.......................
#.....s...............#
#.....e@......†..<....#
#........#####........#
#.=......# #..........
#$.......# #..........
.<.......# ###########
.....e...# .........#
.........#


You could see Duvessa, Dowan and a scorpion.

Vanquished Creatures
  A gnoll (D:1)
  6 adders
  2 worms
  A dart slug (D:2)
  An orc (D:3)
  4 ball pythons
  An endoplasm (D:2)
  A giant cockroach (D:3)
  9 goblins (D:2)
  5 hobgoblins
  2 bats
  4 frilled lizards
  2 rats
39 creatures vanquished.

Notes
Turn   | Place    | Note
-------+----------+-------------------------------------------
     0 | D:1      | NateTC the Draconian Fighter began the quest for the Orb.
     0 | D:1      | Reached XP level 1. HP: 19/19 MP: 1/1
   357 | D:1      | Found a faded altar of an unknown god.
   365 | D:1      | Prayed at the altar of an unknown god.
   365 | D:1      | Became a worshipper of the Shining One
   365 | D:1      | Reached * piety under the Shining One
   459 | D:1      | Reached XP level 2. HP: 23/27 MP: 2/2
   764 | D:2      | Reached skill level 4 in Fighting
   764 | D:2      | Reached XP level 3. HP: 33/33 MP: 3/3
  1094 | D:2      | Reached XP level 4. HP: 31/41 MP: 4/4
  1571 | D:3      | Found an ancient bone altar of Kikubaaqudgha.
  1893 | D:4      | Noticed Duvessa
  1893 | D:4      | Noticed a scorpion
  1893 | D:4      | Noticed Dowan
  1900 | D:4      | HP: 2/41 [scorpion (4)]
  1900 | D:4      | Slain by Duvessa

Illustrated notes

Levels and vault maps discovered:
D:1:      spicycebolla_green_bress_n_ham, layout_basic, basic_ecumenical_altar,
          chequers_decorated_corner
D:2:      cheibrodos_greedy_goblins, layout_basic
D:3:      layout_basic, nicolae_kikubaaqudgha_miasma_corner
D:4:      layout_gridville, lemuel_doored_altar, serial_shops, shop,
          minmay_gold_behind_fungi, uniq_duvessa

Skill      XL: |  1  2  3 |
---------------+----------+-----
Fighting       | 4 |  4.8
Axes           | 3 |  3.7
Dodging        | |  2.6
Shields        | |  3.0

Action                     |  1- 3 |  4- 6 || total
---------------------------+-------+-------++-------
  Melee: War axe           |    63 |    29 ||    92
         Tailslap          |     6 |     1 ||     7
    Use: Scroll            |     2 |     8 ||    10
         Potion            |       |     1 ||     1
 Armour: Skin              |    22 |     9 ||    31
  Dodge: Dodged            |    42 |    13 ||    55
  Block: Buckler           |    14 |     4 ||    18
